Map: Winter Madness LE

Players

HoldTheDoor - Winner!

  • Race: Protoss Protoss
  • League: Diamond
  • Spawn Location: 5:00

Vadesmus

  • Race: Zerg Zerg
  • League: Master
  • Spawn Location: 11:00

VOD

Have the link to the VOD?

Description

Time

  • Played on: May 20, 2026, 12:44 p.m.
  • Length: 13:54
Show
View Real Time Build Order
Export as new Build Order

HoldTheDoor Protoss - Winner!

Build Orders: 1 Gate Expand, Zealot Archon, Dark Templar Rush 

Get SALT Encoding   

  12  0:00  Probe  
  13  0:12  Probe  
  14  0:20  Pylon  
  14  0:24  Probe  
  15  0:34  Probe  
  15  0:41  Gateway  
  15  0:42  Probe  
  17  0:51  Assimilator  
  17  0:52  Probe  
  18  1:05  Probe  
  19  1:32  Nexus  
  19  1:35  Cybernetics Core  
  19  1:37  Probe  
  20  1:41  Assimilator  
  20  1:47  Pylon  
  20  1:51  Probe  
  21  2:03  Probe  
  22  2:11  Stalker  
  24  2:15  Probe  
  24  2:16  Warp Gate  
  25  2:28  Probe  
  26  2:32  Gateway  
  26  2:40  Probe  
  26  2:41  Adept  
  29  2:51  Probe  
  30  2:52  Probe  
  30  2:56  Twilight Council  
  31  3:03  Probe  
  31  3:04  Probe  
  33  3:06  Robotics Facility  
  33  3:15  Probe  
  34  3:21  Probe  
  35  3:27  Probe  
  35  3:31  Assimilator  
  35  3:33  Probe  
  37  3:35  Dark Shrine  
  37  3:39  Probe  
  38  3:43  Pylon  
  38  3:44  Warp Prism  
  40  3:59  Probe x2  
  42  4:10  Gateway  
  42  4:11  Gateway, Probe x2  
  42  4:14  Pylon  
  44  4:23  Probe x2  
  46  4:35  Probe x2  
  46  4:37  Nexus  
  48  4:39  Pylon  
  48  4:47  Adept  
  48  4:48  Adept  
  43  5:06  Dark Templar x2  
  35  5:20  Probe x2  
  35  5:32  Probe x2  
  36  5:44  Probe x2  
  38  5:54  Probe  
  38  5:56  Probe x2  
  41  6:05  Dark Templar x2  
  41  6:06  Probe  
  41  6:08  Probe  
  41  6:10  Shield Battery  
  47  6:11  Probe  
  47  6:17  Dark Templar  
  50  6:22  Dark Templar  
  50  6:50  Zealot x3  
  50  6:52  Probe x3  
  59  6:57  Charge  
  59  6:58  Immortal  
  59  6:59  Forge  
  44  7:28  Probe x3  
  47  7:32  Archon x2  
  47  7:40  Probe x3  
  48  7:52  Zealot  
  48  7:53  Zealot x3  
  48  7:54  Probe x2  
  48  7:55  Probe  
  59  8:03  Pylon  
  59  8:05  Immortal  
  63  8:07  Gateway  
  63  8:08  Probe  
  63  8:09  Probe  
  63  8:10  Gateway  
  65  8:15  Pylon  
  65  8:16  Probe  
  66  8:23  Probe  
  66  8:24  Photon Cannon  
  66  8:25  Probe  
  68  8:28  Probe  
  68  8:32  Zealot  
  68  8:33  Zealot  
  73  8:42  Probe x2, Photon Cannon  
  73  8:43  Probe  
  76  8:48  Photon Cannon  
  76  8:50  Pylon  
  76  8:54  Probe  
  77  8:59  Dark Templar  
  77  9:00  Dark Templar  
  81  9:04  Zealot  
  81  9:06  Archon  
  83  9:16  Zealot x2  
  83  9:17  Zealot  
  75  9:26  Zealot  
  61  9:37  Stalker  
  61  9:38  Stalker x2  
  67  9:42  Probe x3  
  68  9:54  Probe  
  68  9:57  Zealot  
  68  9:58  Zealot x2  
  65  10:12  Probe x2  
  65  10:13  Probe  
  68  10:19  Immortal, Pylon  
  72  10:22  Photon Cannon  
  72  10:24  Probe  
  72  10:25  Probe x2  
  75  10:31  Protoss Ground Weapons Level 1  
  75  10:37  Probe  
  75  10:38  Pylon  
  75  10:40  Pylon  
  75  10:42  Zealot  
  78  10:43  Zealot x5  
  78  10:44  Photon Cannon, Pylon  
  78  10:49  Immortal  
  88  11:03  Zealot x2  
  88  11:04  Zealot x2, Gateway  
  100  11:05  Gateway  
  100  11:08  Dark Templar  
  100  11:09  Dark Templar  
  104  11:16  Archon  
  104  11:27  Templar Archives, Dark Templar x2  
  104  11:28  Gateway  
  104  11:30  Gateway  
  104  11:31  Archon  
  108  11:38  Observer  
  108  11:40  Photon Cannon  
  108  11:41  Shield Battery  
  108  11:42  Shield Battery  
  108  11:43  Pylon  
  109  11:50  Pylon  
  109  11:51  Immortal  
  109  11:53  Photon Cannon  
  113  12:02  Zealot x5  
  123  12:15  Photon Cannon  
  123  12:24  Shield Battery  
  123  12:25  Shield Battery  
  123  12:30  Photon Cannon  
  123  12:34  Zealot x8  
  139  12:44  High Templar x2  
  143  12:48  Archon  
  123  13:19  Zealot  
  99  13:20  Zealot x9  
Show
View Real Time Build Order
Export as new Build Order

Vadesmus Zerg 

Build Orders: Hatch First 

Get SALT Encoding   

  12  0:02  Drone  
  13  0:14  Overlord  
  13  0:17  Drone  
  14  0:33  Drone x2  
  16  0:37  Drone  
  17  0:53  Hatchery  
  16  0:59  Drone x2  
  16  1:02  Extractor  
  17  1:13  Spawning Pool  
  16  1:20  Drone x2  
  18  1:33  Drone  
  19  1:41  Overlord  
  19  1:54  Drone  
  19  2:01  Queen  
  20  2:03  Drone  
  20  2:07  Drone, Queen  
  26  2:11  Metabolic Boost  
  26  2:15  Drone  
  27  2:17  Drone  
  28  2:28  Zergling x4  
  30  2:34  Baneling Nest  
  30  2:36  Drone  
  30  2:46  Drone  
  30  2:47  Drone  
  32  2:53  Drone  
  33  3:00  Drone  
  33  3:01  Drone  
  33  3:03  Hatchery  
  34  3:12  Overlord x2  
  34  3:21  Overlord x2  
  34  3:35  Lair  
  34  3:42  Zergling x2  
  34  3:43  Zergling x4  
  37  3:53  Zergling x6  
  40  4:06  Queen  
  40  4:08  Zergling x2  
  40  4:09  Zergling x12  
  49  4:21  Hatchery  
  49  4:24  Queen  
  48  4:29  Drone x4  
  48  4:30  Drone x2  
  56  4:43  Zergling x2  
  56  4:44  Zergling x10  
  56  4:45  Zergling x2  
  55  5:12  Overseer x3  
  51  5:15  Zergling x2  
  51  5:16  Zergling x16  
  57  5:30  Zergling x6  
  60  5:46  Drone x6  
  60  5:47  Drone x2  
  68  6:04  Zergling x12  
  69  6:06  Baneling x8  
  69  6:08  Centrifugal Hooks  
  74  6:16  Queen x3, Extractor  
  79  6:23  Queen  
  79  6:24  Spore Crawler  
  80  6:26  Overseer  
  80  6:27  Overlord x4  
  76  6:51  Queen x2  
  76  6:52  Queen  
  82  6:54  Overlord x2  
  72  7:23  Zergling x2  
  72  7:24  Zergling x32  
  83  7:52  Roach Warren  
  83  7:53  Drone x11, Extractor x2  
  91  8:13  Evolution Chamber x2  
  91  8:15  Drone x7  
  91  8:16  Drone  
  91  8:18  Baneling  
  91  8:19  Baneling x5  
  97  8:21  Baneling x5  
  97  8:22  Baneling x2  
  97  8:23  Baneling  
  97  8:29  Overseer x2  
  97  8:35  Glial Reconstitution  
  97  8:51  Roach x6  
  97  8:52  Roach  
  97  8:53  Hatchery, Zergling x2  
  111  9:00  Overlord x8  
  84  9:27  Zergling x12  
  84  9:28  Zergling x12  
  83  9:42  Pneumatized Carapace, Burrow  
  78  9:58  Roach  
  78  9:59  Roach x6  
  83  10:12  Tunneling Claws  
  83  10:17  Zerg Melee Weapons Level 1, Zerg Ground Armor Level 1  
  83  10:32  Infestation Pit  
  83  10:35  Extractor  
  81  10:39  Extractor  
  80  10:44  Drone x3  
  80  10:45  Queen  
  85  10:50  Hatchery  
  85  10:53  Overseer x2  
  84  10:59  Zergling x2  
  84  11:00  Zergling x18  
  84  11:01  Roach x10  
  114  11:20  Drone x8  
  122  11:28  Hive  
  122  11:38  Spire  
  121  12:02  Hydralisk Den  
  121  12:05  Drone  
  121  12:06  Drone x13, Extractor  
  121  12:07  Extractor  
  132  12:23  Infestor x2, Zergling x2  
  132  12:24  Zergling x24  
  141  12:49  Baneling x15  
  141  12:50  Baneling x5  
  84  13:18  Zergling x40  
Tags
 
Add a new tag
Caveats
  • Supply blocks, unpowered buildings, or Contaminate may cause inaccurate times.
  • Supply counts are checked every 10 seconds.